 Dungeon Sprint DCSS version 0.31-a0-700-gf13585253f (webtiles) character file.

Game seed: 7961174810258110158

13862 sircluck the Brawler (level 11, 0/177 HPs)
             Began as a Troll Berserker on Sept 7, 2023.
             Was the Champion of Trog.
             Slain by a 15-headed hydra (12 damage)
             ... while paralysed by a floating eye
             ... in the Dungeon (Sprint I: "Red Sonja").
             The game lasted 00:08:16 (1323 turns).

sircluck the Brawler (Troll Berserker)              Turns: 1323, Time: 00:08:17

Health: 0/177      AC: 13    Str: 36    XL:     11   Next: 81%
Magic:  10/10      EV:  1    Int:  7    God:    Trog [******]
Gold:   1743       SH:  0    Dex:  8    Spells: 10/10 levels left

rFire   x .          .
                       - Unarmed
rCold   + + .        (no shield)
rNeg    . . .        r - +0 ice dragon scales
rPois   .            (helmet restricted)
rElec   .            u - +1 cloak
rCorr   .            (gloves unavailable)
SInv    .            (boots unavailable)
Will    .....        t - amulet of regeneration Stlth
                     v - +6 ring of strength
HPRegen 2.09/turn    (no ring)
MPRegen 0.12/turn

%: no teleportation
@: paralysed, berserking
A: large, unfitting armour, claws 3, regeneration 1, shaggy fur 1, tough skin 1,
clever 1, deterioration 1, frail 1, subdued magic 1
a: Renounce Religion, Berserk, Trog's Hand, Brothers in Arms


You were in the Dungeon.
You worshipped Trog.
Trog was exalted by your worship.
You visited 1 branch You collected 2866 gold pieces.
You spent 1123 gold pieces at shops.

Inventory:

Missiles
 o - 3 curare-tipped darts (quivered)
 p - 2 javelins
 s - 3 boomerangs
 w - 5 stones
Armour
 a - a +0 animal skin
 k - a +2 robe of resistance
 r - +0 ice dragon scales (worn)
 u - a +1 cloak (worn)
Jewellery
 j - the ring "Nygush" {Ice Dex+3 Slay-6 SInv Stlth+}
   (You found it in the Dungeon)

   [ring of ice]

   Ice:       It enhances your ice magic.
   Dex+3:     It affects your dexterity (+3).
   Slay-6:    It affects your accuracy & damage with ranged weapons and melee
   (-6).
   rF-:       It makes you vulnerable to fire.
   rC+:       It protects you from cold.
   SInv:      It lets you see invisible.
   Stlth+:    It makes you more stealthy.
 t - an amulet of regeneration (around neck)
 v - a +6 ring of strength (left claw)
Wands
 h - a wand of charming (6)
 n - a wand of flame (19)
Scrolls
 c - a scroll of identify {unknown}
 g - 2 scrolls of blinking
 i - a scroll of immolation {unknown}
 m - a scroll of enchant weapon {unknown}
 q - 2 scrolls of revelation
Potions
 b - 4 potions of curing
 d - a potion of haste
 e - 2 potions of magic
 f - a potion of berserk rage
 l - 2 potions of ambrosia {unknown}


   Skills:
 + Level 15.1 Fighting
 + Level 14.9 Dodging
 + Level 17.5 Unarmed Combat


You had 10 spell levels left.
You didn't know any spells.
Your spell library was empty.

Dungeon Overview and Level Annotations

Branches:
Dungeon (1/1)

Altars:
Cheibriados
Dithmenos
Elyvilon
Fedhas
Gozag
Hepliaklqana
Kikubaaqudgha
Makhleb
Nemelex Xobeh
Okawaru
Qazlal
Ru
Sif Muna
Trog
Uskayaw
Vehumet
Wu Jian
Xom
Yredelemnul
Zin
The Shining One
Jiyva
Lugonu

Shops:
D ([*[[=([[[=(*:=*(?*[*


Innate Abilities, Weirdness & Mutations

You are too large for most types of armour.
You have claws for hands.
Your natural rate of healing is unusually fast.
You are covered in fur. (AC +1)
You have tough skin. (AC +1)
Your mind is acute. (Int +4, Str/Dex -1)
Your body sometimes deteriorates upon taking damage.
You are frail. (-10% HP)
Your spells are a little easier to cast, but a little less powerful.


Message History

The 13-headed hydra bites you!
You rip one of the 13-headed hydra's heads off!
The 12-headed hydra grows two more!
You claw the 14-headed hydra!
The 14-headed hydra is lightly wounded.
You rip one of the 14-headed hydra's heads off!
The 13-headed hydra grows two more!
You claw the 15-headed hydra!
The 15-headed hydra is lightly wounded.
The floating eye gazes piercingly through you!
You suddenly lose the ability to move!
The 15-headed hydra bites you but does no damage.
The 15-headed hydra bites you. The 15-headed hydra bites you!
The 15-headed hydra bites you.
The 15-headed hydra bites you but does no damage.
The 15-headed hydra bites you. The 15-headed hydra bites you!
The 15-headed hydra bites you. The 15-headed hydra bites you!
The 15-headed hydra bites you but does no damage.
The 15-headed hydra bites you. The 15-headed hydra bites you!
The 15-headed hydra bites you but does no damage. x2
The 15-headed hydra completely misses you.
The 15-headed hydra bites you but does no damage.
The 15-headed hydra bites you! The 15-headed hydra bites you. x2
* * * LOW HITPOINT WARNING * * *
The 15-headed hydra bites you.
* * * LOW HITPOINT WARNING * * *
The 15-headed hydra bites you!
* * * LOW HITPOINT WARNING * * *
The 15-headed hydra bites you!
* * * LOW HITPOINT WARNING * * *
The 15-headed hydra bites you but does no damage. x3
The 15-headed hydra bites you.
* * * LOW HITPOINT WARNING * * *
The 15-headed hydra bites you.
* * * LOW HITPOINT WARNING * * *
The 15-headed hydra bites you but does no damage. x2
The 15-headed hydra bites you!
* * * LOW HITPOINT WARNING * * *
The 15-headed hydra completely misses you.
The 15-headed hydra bites you but does no damage. x2
The 15-headed hydra bites you!
You die...

######################***********
)..#.)#§.§§§§§§§@DG.$#,,+,,,,*,,,
...##'#§####§§§§§##$.+,,*,,,,**,,
...'..#§#.###§§§##**##*+*,,,,,***
####.§§§#'#.###+#,,,**,,*,,,,,*,,
..##+####...#y#,**,,,*,,**,,,,*,∩
§.#..°○.#...###,,***,*,,~***+**,,
.§#.°)..+.....#*,*,*,*,,~,,*,****
#'###.°○#.....#,,***,*,,~,**+*,,,
#.'.#○○○###++##,**,,,*,,~**,,,,,,


You could see a 15-headed hydra and a floating eye.

Vanquished Creatures
  A lorocyproca (D)
  2 centaur warriors (D)
  4 demonic crawlers (D)
  A deep troll (D)
  A lindwurm (D)
  An oklob plant (D)
  2 shining eyes (D)
  A gargoyle (D)
  2 kobold demonologists (D)
  2 unseen horrors (D)
  A hornet (D)
  Sigmund (D)
  A slime creature (D)
  A yak (D)
  13 hogs (D)
  2 redbacks (D)
  2 floating eyes (D)
  An ogre (D)
  7 necrophages (D)
  8 jellies (D)
  Ijyb (D)
55 creatures vanquished.

Vanquished Creatures (collateral kills)
  6 shining eyes (D)
  4 floating eyes (D)
10 creatures vanquished.

Vanquished Creatures (others)
  Sonja (D)
  2 ballistomycete spores (D)
3 creatures vanquished.

Grand Total: 68 creatures vanquished

Notes
Turn   | Place    | Note
-------+----------+-------------------------------------------
     0 | D        | sircluck the Troll Berserker began the quest for the Orb.
     0 | D        | Reached XP level 1. HP: 22/22 MP: 0/0
     1 | D        | Noticed Ijyb
    10 | D        | Killed Ijyb
    11 | D        | Reached skill level 4 in Unarmed Combat
    11 | D        | Reached XP level 2. HP: 31/31 MP: 1/1
    14 | D        | Noticed an ogre
    20 | D        | Killed an ogre
    21 | D        | Reached skill level 5 in Fighting
    21 | D        | Reached skill level 5 in Dodging
    21 | D        | Reached skill level 6 in Unarmed Combat
    21 | D        | Reached XP level 3. HP: 24/42 MP: 2/2
    21 | D        | Reached XP level 4. HP: 29/50 MP: 3/3
    52 | D        | Noticed Sigmund
    59 | D        | Killed Sigmund
    59 | D        | Reached ** piety under Trog
    60 | D        | Reached skill level 7 in Unarmed Combat
    60 | D        | Reached XP level 5. HP: 31/61 MP: 4/4
    60 | D        | Reached XP level 6. HP: 35/68 MP: 5/5
   101 | D        | Found an ornate altar of the Wu Jian Council.
   101 | D        | Found a shimmering blue altar of Sif Muna.
   103 | D        | Found a radiant altar of Vehumet.
   106 | D        | Reached skill level 8 in Unarmed Combat
   113 | D        | Identified the ring "Nygush" {Ice Dex+3 Slay-6 SInv Stlth+}
   133 | D        | Found Xayhymn's Antique Armour Emporium.
   133 | D        | Found an ancient bone altar of Kikubaaqudgha.
   133 | D        | Found a hazy altar of Hepliaklqana.
   133 | D        | Found a hide-covered altar of Uskayaw.
   133 | D        | Found a basalt altar of Yredelemnul.
   133 | D        | Found an opulent altar of Gozag.
   133 | D        | Found a snail-covered altar of Cheibriados.
   133 | D        | Found a sacrificial altar of Ru.
   133 | D        | Found a shadowy altar of Dithmenos.
   133 | D        | Noticed a yak
   143 | D        | Killed a yak
   144 | D        | Found a stormy altar of Qazlal.
   144 | D        | Found a blossoming altar of Fedhas.
   144 | D        | Found a bloodstained altar of Trog.
   144 | D        | Found an iron altar of Okawaru.
   144 | D        | Found a glowing golden altar of the Shining One.
   144 | D        | Found a glowing silver altar of Zin.
   144 | D        | Found a white marble altar of Elyvilon.
   145 | D        | Found a sparkling altar of Nemelex Xobeh.
   149 | D        | Bought a glowing robe for 88 gold pieces
   173 | D        | Found a burning altar of Makhleb.
   173 | D        | Found a viscous altar of Jiyva.
   173 | D        | Found a shimmering altar of Xom.
   173 | D        | Found a corrupted altar of Lugonu.
   173 | D        | Noticed a slime creature
   183 | D        | Killed a slime creature
   183 | D        | Reached *** piety under Trog
   184 | D        | Reached skill level 9 in Unarmed Combat
   184 | D        | Reached XP level 7. HP: 56/80 MP: 6/6
   198 | D        | Noticed a kobold demonologist
   199 | D        | Noticed a kobold demonologist
   204 | D        | Killed a kobold demonologist
   205 | D        | Reached skill level 10 in Unarmed Combat
   208 | D        | Killed a kobold demonologist
   208 | D        | Reached **** piety under Trog
   209 | D        | Reached XP level 8. HP: 92/92 MP: 7/7
   210 | D        | Reached skill level 11 in Unarmed Combat
   236 | D        | Noticed Sonja
   260 | D        | Noticed a deep troll
   266 | D        | Your ally Sonja died
   272 | D        | Killed a deep troll
   273 | D        | Reached skill level 10 in Fighting
   273 | D        | Reached skill level 10 in Dodging
   343 | D        | Found Faulotel's Armour Emporium.
   379 | D        | Found Duzanen's Antique Weapon Boutique.
   416 | D        | Noticed a centaur warrior
   417 | D        | Noticed a centaur warrior
   423 | D        | Killed a centaur warrior
   424 | D        | Reached skill level 12 in Unarmed Combat
   424 | D        | Reached XP level 9. HP: 11/102 MP: 8/8
   427 | D        | HP: 2/153 [centaur warrior (12)]
   428 | D        | Killed a centaur warrior
   429 | D        | Reached skill level 13 in Unarmed Combat
   525 | D        | Noticed an oklob plant
   531 | D        | Killed an oklob plant
   531 | D        | Reached ***** piety under Trog
   582 | D        | Reached XP level 10. HP: 115/115 MP: 9/9
   599 | D        | Received a gift from Trog
   610 | D        | Reached skill level 14 in Unarmed Combat
   622 | D        | Reached ****** piety under Trog
   632 | D        | Received a gift from Trog
   750 | D        | Found Miff's Antique Armour Shoppe.
   750 | D        | Found Kos Qas's Antique Weapon Shop.
   750 | D        | Found Denead's Armour Boutique.
   752 | D        | Found Vybysm's Antique Armour Emporium.
   752 | D        | Found Xahenn's Jewellery Shop.
   752 | D        | Found Mijehaor's Weapon Shoppe.
   752 | D        | Found Piaturuo's General Store.
   752 | D        | Found Bihyluow's Book Emporium.
   752 | D        | Found Ynenuus's Jewellery Shop.
   752 | D        | Found Ydegain's General Store.
   756 | D        | Found Ehuawa's Antique Weapon Boutique.
   757 | D        | Found Opik's General Store.
   757 | D        | Found Unonuola's Magic Scroll Boutique.
   758 | D        | Found Vekk's Assorted Antiques.
   762 | D        | Bought an amulet of regeneration for 390 gold pieces
   766 | D        | Bought a scroll of revelation for 105 gold pieces
   767 | D        | Bought a runed cloak for 180 gold pieces
   808 | D        | Noticed a shining eye
   808 | D        | Noticed a shining eye
   808 | D        | Noticed a shining eye
   809 | D        | Gained mutation: Your spells are a little easier to cast,
                  | but a little less powerful. [a shining eye]
   809 | D        | Gained mutation: You are frail. (-10% HP) [a shining eye]
   809 | D        | Noticed a shining eye
   824 | D        | Noticed a shining eye
   831 | D        | Paralysed by a floating eye for 3 turns
   833 | D        | Killed a shining eye
   834 | D        | Received a gift from Trog
   836 | D        | Killed a shining eye
   837 | D        | Paralysed by a floating eye for 2 turns
   838 | D        | Reached skill level 15 in Unarmed Combat
   841 | D        | Killed a shining eye
   843 | D        | Killed a shining eye
   847 | D        | Gained mutation: Your body sometimes deteriorates upon
                  | taking damage. [a shining eye]
   855 | D        | Killed a shining eye
   858 | D        | Noticed a shining eye
   862 | D        | Killed a shining eye
   862 | D        | Received a gift from Trog
   864 | D        | Noticed a shining eye
   864 | D        | Noticed a shining eye
   865 | D        | Gained mutation: Your mind is acute. (Int +4, Str/Dex -1)
                  | [a shining eye]
   872 | D        | Killed a shining eye
   873 | D        | Reached XP level 11. HP: 114/114 MP: 10/10
   875 | D        | Killed a shining eye
   881 | D        | Found Agour's Armour Shoppe.
   881 | D        | Found Qotufee's Jewellery Boutique.
   881 | D        | Found Yrren's Assorted Antiques.
   882 | D        | Found Qoik's Armour Shop.
   903 | D        | Bought a +6 ring of strength for 360 gold pieces
   939 | D        | Noticed a demonic crawler
   939 | D        | Noticed a demonic crawler
   939 | D        | Noticed a demonic crawler
   939 | D        | Noticed a demonic crawler
   943 | D        | Killed a demonic crawler
   944 | D        | Reached skill level 16 in Unarmed Combat
   944 | D        | Killed a demonic crawler
   945 | D        | Killed a demonic crawler
   949 | D        | Killed a demonic crawler
  1067 | D        | HP: 2/175 [something (26)]
  1069 | D        | Killed a lorocyproca
  1274 | D        | Noticed a lindwurm
  1276 | D        | Killed a lindwurm
  1277 | D        | Reached skill level 17 in Unarmed Combat
  1289 | D        | Identified the +7 quarterstaff "Naas" {heavy, rC+ Str+3}
                  | (Trog gifted it to you in the Dungeon)
  1289 | D        | Received a gift from Trog
  1298 | D        | Received a gift from Trog
  1301 | D        | Reached skill level 15 in Fighting
  1315 | D        | Noticed a 12-headed hydra
  1321 | D        | Paralysed by a floating eye for 3 turns
  1323 | D        | Slain by a 15-headed hydra

Illustrated notes

Levels and vault maps discovered:
D:        dungeon_sprint_1 [red_sonja_temple_1, red_sonja_temple_small_1]

Skill      XL: |  1  2  3  4  5  6  7  8  9 10 11 |
---------------+----------------------------------+-----
Fighting       | 3 5 6 8 9 10 11 13 15 | 15.1
Dodging        | 3 5 6 8 9 10 11 13 14 | 14.9
Unarmed Combat | 4 6 7 9 10 12 13 15 17 | 17.5

Action                     |  1- 3 |  4- 6 |  7- 9 | 10-12 || total
---------------------------+-------+-------+-------+-------++-------
  Melee: Unarmed           |    13 |    24 |    34 |    88 ||   159
         Punch             |       |     2 |     3 |     9 ||    14
 Invoke: Berserk           |       |       |     2 |     3 ||     5
         Brothers in Arms  |       |       |       |     1 ||     1
  Evoke: Wand              |     1 |     2 |     1 |       ||     4
    Use: Scroll            |       |       |       |     1 ||     1
         Potion            |       |       |       |     1 ||     1
   Stab: Sleeping          |       |       |       |     1 ||     1
 Armour: Animal skin       |     5 |     9 |       |       ||    14
         Robe              |       |     3 |    30 |    46 ||    79
         Ice dragon scales |       |       |       |   124 ||   124
  Dodge: Dodged            |     5 |     7 |    21 |    50 ||    83

Table legend: (Time is in decaauts)
 A = Elapsed time spent in this place.
 B = Non-inter-level travel time spent in this place.
 C = Inter-level travel time spent in this place.
 D = Time resting spent in this place.
 E = Time spent auto-exploring this place.
 F = Levels seen in this place.
 G = Mean time per level.
                   A        B        C        D        E       F      G
               +--------+--------+--------+--------+--------+-----+--------+
         Total |   1318 |   1267 |     51 |    210 |    285 |   1 | 1318.0 |
       Dungeon |   1318 |   1267 |     51 |    210 |    285 |   1 | 1318.0 |
               +--------+--------+--------+--------+--------+-----+--------+

Top non-repeatable levels by time:
       D: 1318 daAuts
